[Event "Early-Titled-Tuesday-Blitz-March-19-2024"]
[Site "Chess.com"]
[Date "2024.03.19"]
[Round "3"]
[White "ural58"]
[Black "rikchessmx"]
[Result "1/2-1/2"]
[WhiteElo "2494"]
[BlackElo "2278"]
[TimeControl "180+1"]
[EndTime "8:29:34 PDT"]
[Termination "Game drawn - insufficient material"]

1. e4 e5 2. f4 Nc6 3. Nf3 exf4 4. d4 g5 5. d5 Nb8 6. Qd4 Qf6 7. Qxf6 Nxf6 8.
Nxg5 h6 9. Nf3 Nxe4 10. Bxf4 d6 11. Nbd2 Nxd2 12. Bxd2 Bg7 13. O-O-O O-O 14. Bd3 Nd7 15.
Rhe1 Ne5 16. Nxe5 dxe5 17. Bb4 Rd8 18. Bc4 Bg4 19. Rd3 a6 20. Rg3 Bh5 21. Bc3 Kh8 22. Bxe5 Bxe5 23. Rxe5 Bg6 24. Re7 Rac8 25. d6 cxd6 26. Bd3 Bxd3 27. Rxd3 Kg7 28. Rxb7 Rc6 29. Rf3 Rf8 30. c3 Kg6 31. Rd7 f5 32. Rg3+ Kf6 33. Rh7 f4 34. Rxh6+ Kf5 35. Rd3 Rd8 36. Rh5+ Ke4 37. Rd4+ Ke3 38. Rf5 Rg8 39. Rfxf4 Rxg2 40. h4 d5 41. Rb4 Re6 42. Rf1 Ke2 43. Rd1 Kf3 44.
Rxd5 Re1+ 45. Rd1 Ree2 46. a4 Rc2+ 47. Kb1 a5 48. Rb5 Rh2 49. Rd4 Ke3 50. Ka2 Rxc3 51.
Rg4 Rcc2 52. Rb3+ Kd2 53. Rd4+ Kc1 54. Rd5 Rxb2+ 55. Rxb2 Rxb2+ 56. Ka3 Rh2 57. Kb3 Rh3+ 58. Kc4 Rxh4+ 59. Kb5 Kb2 60. Kxa5 Kb3 61. Rb5+ Ka3 62. Kb6 Rxa4 63. Ra5 Rxa5 64. Kxa5 1/2-1/2

[Event "Early-Titled-Tuesday-Blitz-March-19-2024"]
[Site "Chess.com"]
[Date "2024.03.19"]
[Round "3"]
[White "jraosam"]
[Black "Chernov_Alexander_A"]
[Result "1-0"]
[WhiteElo "1995"]
[BlackElo "2321"]
[TimeControl "180+1"]
[EndTime "8:29:34 PDT"]
[Termination "jraosam won by resignation"]

1. Nf3 d5 2. c4 e6 3. e3 Nf6 4. b3 Be7 5. Bb2 O-O 6. Be2 b6 7. O-O Bb7 8. cxd5 exd5 9. d4 Ne4 10. Nc3 Nd7 11. Rc1 a6 12. Qc2 Bd6 13. Bd3 Qe7 14.
Na4 Rac8 15. Qe2 Ra8 16. Rc2 Rfe8 17. Rfc1 f6 18. g3 g5 19. Kg2 Kg7 20. h4 h6 21.
hxg5 hxg5 22. Nd2 Rh8 23. Qg4 Rh6 24. Bxe4 dxe4 25. Rxc7 Bxc7 26. Rxc7 Bc8 27. Nxb6 Qd6 28. Nxa8 Kg6 29. Qxe4+ f5 30. Qe8+ Kf6 31. Qxc8 Rh7 32. Qd8+ Kg6 33. Nf3 Qd5 34. Rxd7 Rxd7 35. Qxd7 Qxd7 36.
Ne5+ Kf6 37. Nxd7+ Ke6 38. Nc5+ Kd5 39. Nb6+ Kc6 40.
Nc4 Kb5 41. Bc3 a5 42. a4+ Kc6 43. f3 g4 44. e4 gxf3+ 45. Kxf3 fxe4+ 46. Kxe4 Kc7 47. Kd5 Kd8 48. g4 Ke8 49. Kc6 Kf7 50. Bxa5 Kg6 51. Bd2 Kf6 52. a5 Kg6 53. a6 1-0

[Event "Early-Titled-Tuesday-Blitz-March-19-2024"]
[Site "Chess.com"]
[Date "2024.03.19"]
[Round "3"]
[White "AlexPapasimakopoulos"]
[Black "Dyadya81"]
[Result "1-0"]
[WhiteElo "2748"]
[BlackElo "2942"]
[TimeControl "180+1"]
[EndTime "8:29:35 PDT"]
[Termination "AlexPapasimakopoulos won on time"]

1. d4 Nf6 2. c4 g6 3. Nc3 Bg7 4. Bg5 d6 5. e3 O-O 6. Be2 c5 7.
d5 Qa5 8. Qd2 b5 9. cxb5 a6 10.
bxa6 Nxa6 11. Nf3 Nc7 12. O-O Bf5 13. Nh4 Nfxd5 14. Nxf5 gxf5 15. Rac1 Nxc3 16. bxc3 Qxa2 17. Qxa2 Rxa2 18. Bc4 Ra4 19. Bd3 Re8 20. Bxf5 e6 21.
Bd3 Rb8 22. Bf4 Rb6 23. c4 h6 24. Rfd1 Kf8 25. Rb1 Rab4 26. Rxb4 cxb4 27. c5 dxc5 28. Bxc7 Rc6 29. Ba5 b3 30. Bb5 Rc8 31. Bc4 b2 32. Rb1 Ke7 33. Kf1 Ra8 34. Bd2 Ra1 35. Bd3 c4 36. Bc2 c3 37. Be1 Kd6 38. Ke2 Kc5 39.
Kd3 Ra3 40. f4 f5 41. h3 h5 42. Bd1 h4 43. Bxh4 Ra7 44. Be1 Rd7+ 45. Kc2 Rc7 46. g4 Kd5 47. Bf3+ Kc4 48. g5 e5 49. h4 e4 50.
Be2+ Kd5 51. h5 Bh8 52. h6 Ra7 53. g6 Ke6 54. g7 Bxg7 55. hxg7 Rxg7 56. Bxc3 Rg2 57.
Kd2 1-0

[Event "Early-Titled-Tuesday-Blitz-March-19-2024"]
[Site "Chess.com"]
[Date "2024.03.19"]
[Round "3"]
[White "jk13"]
[Black "ATM622"]
[Result "0-1"]
[WhiteElo "2686"]
[BlackElo "2490"]
[TimeControl "180+1"]
[EndTime "8:29:35 PDT"]
[Termination "ATM622 won by checkmate"]

1. e4 c6 2. Nc3 d5 3. Nf3 dxe4 4. Nxe4 Nf6 5. Qe2 Nxe4 6. Qxe4 Qd5 7. Qf4 Nd7 8. Bc4 Qh5 9. Ng5 e6 10. d4 Be7 11.
Ne4 e5 12. dxe5 Nxe5 13. Bb3 Qf5 14. Qe3 O-O 15. O-O Ng4 16. Qe2 Be6 17. Ng3 Qe5 18.
Qxe5 Nxe5 19. Bxe6 fxe6 20. Ne4 Rad8 21. b3 Rd4 22. f3 Rxe4 23. Ba3 Bxa3 24. fxe4 Bc5+ 25. Kh1 Rd8 26. Rad1 Rxd1 27. Rxd1 Bb6 28. h3 Kf7 29. g3 h5 30. Kg2 g5 31. Kf1 Kg6 32. Ke2 g4 33.
hxg4 hxg4 34. Rh1 Kg7 35. Rh5 Nf3 36. c3 Ng1+ 37. Kd3 Nf3 38. Ke2 Ng1+ 39. Kf1 Nf3 40. b4 Nd2+ 41. Ke2 Nxe4 42. Re5 Nxg3+ 43. Ke1 Kf6 44.
Rc5 Bxc5 45. bxc5 Ne4 46. Ke2 Nxc5 47. Ke3 Ke5 48. a3 Kd5 49. c4+ Kxc4 50. Kf4 Kb3 51. Kxg4 Kxa3 52. Kf4 Kb4 53. Ke5 a5 54. Kd6 a4 55.
Kc7 a3 56. Kb6 a2 57. Kc7 a1=Q 58. Kb8 Qe5+ 59. Ka8 Qc7 60. Ka7 b5+ 61. Ka8 Qb7# 0-1

[Event "Early-Titled-Tuesday-Blitz-March-19-2024"]
[Site "Chess.com"]
[Date "2024.03.19"]
[Round "3"]
[White "Chessmissile07"]
[Black "AlexOstrovskiy"]
[Result "0-1"]
[WhiteElo "2942"]
[BlackElo "2753"]
[TimeControl "180+1"]
[EndTime "8:29:38 PDT"]
[Termination "AlexOstrovskiy won by checkmate"]

1. a3 g6 2. c4 Bg7 3. g3 Nf6 4. Bg2 O-O 5. Nc3 c5 6. b4 d6 7. Bb2 Nc6 8. b5 Ne5 9. d3 e6 10. Nf3 Nxf3+ 11. Bxf3 d5 12. O-O b6 13. cxd5 exd5 14.
e4 Be6 15. Ne2 dxe4 16. dxe4 Ng4 17. Bxg7 Kxg7 18. Bxg4 Bxg4 19. f3 Be6 20. Qc2 Qf6 21. Rad1 Rad8 22. Qc3 Qxc3 23. Nxc3 Bc4 24. Rfe1 Rd4 25.
Rc1 Rfd8 26. Ne2 Bxe2 27. Rxe2 Rd3 28. Kf2 Rxa3 29. Rcc2 Rdd3 30. f4 Kf6 31. Ra2 h5 32.
e5+ Ke7 33. Kg2 Ke6 34. Kh3 Rdb3 35. Kh4 Rxa2 36. Rxa2 Rxb5 37. Rxa7 c4 38. Rc7 Rc5 39. Rb7 Rc6 40. Ra7 c3 41. Ra1 c2 42. Rc1 b5 43. Kg5 b4 44. h3 b3 45. g4 hxg4 46.
hxg4 b2 47. f5+ gxf5 48. gxf5+ Kxe5 49. Re1+ Kd4 50. Re7 c1=Q+ 51. Kh5 Rh6+ 52. Kg4 Qg1+ 53. Kf4 Rh4+ 54. Kf3 Rh3+ 55. Kf4 Qg3# 0-1

[Event "Early-Titled-Tuesday-Blitz-March-19-2024"]
[Site "Chess.com"]
[Date "2024.03.19"]
[Round "3"]
[White "Josgar05"]
[Black "azikom"]
[Result "1-0"]
[WhiteElo "2329"]
[BlackElo "2608"]
[TimeControl "180+1"]
[EndTime "8:29:40 PDT"]
[Termination "Josgar05 won on time"]

1. Nf3 c6 2. b3 d5 3. Bb2 Bg4 4. e3 Nd7 5. d4 e6 6. Be2 a5 7. c4 Bb4+ 8. Nc3 Ngf6 9. O-O O-O 10. Qc2 Bf5 11. Bd3 Bg6 12. Ne5 Nxe5 13. dxe5 Nd7 14. Ne2 dxc4 15. Bxg6 hxg6 16. Qxc4 Nb6 17. Qg4 Qd3 18.
Bd4 Nd5 19. Ng3 Rfd8 20. Rac1 Ne7 21. Rfd1 Qb5 22. a4 Qa6 23. h4 Rd5 24. h5 Rad8 25. Bb2 Rxd1+ 26. Rxd1 Qa8 27. Ne4 Rd5 28. h6 Rxd1+ 29.
Qxd1 gxh6 30. Nf6+ Kg7 31. Qd7 Nd5 32. Bd4 Nxf6 33.
exf6+ Kg8 34. Bb6 Bf8 35. Bd8 h5 36. e4 b5 37. Be7 bxa4 38. bxa4 Bh6 39. Bc5 h4 40.
Bb6 c5 41. e5 c4 42. Qc7 Bf4 43. Bxa5 Qd5 44. Qd8+ Qxd8 45. Bxd8 Bxe5 46. Ba5 c3 47. Bb4 c2 48. Bd2 Bb2 49. a5 c1=Q+ 50. Bxc1 Bxc1 51.
a6 1-0

[Event "Early-Titled-Tuesday-Blitz-March-19-2024"]
[Site "Chess.com"]
[Date "2024.03.19"]
[Round "3"]
[White "JiiHart"]
[Black "BallottiLuca"]
[Result "1-0"]
[WhiteElo "2209"]
[BlackElo "2391"]
[TimeControl "180+1"]
[EndTime "8:29:41 PDT"]
[Termination "JiiHart won on time"]

1. e4 d5 2. exd5 Nf6 3. d4 Nxd5 4. c4 Nb6 5. Nc3 e5 6. dxe5 Qxd1+ 7. Nxd1 Nc6 8. Nf3 Bg4 9. Be2 O-O-O 10. Bf4 Bb4+ 11.
Kf1 Rhe8 12. a3 Bc5 13. Ne3 Bxf3 14. gxf3 Nxe5 15. Rg1 g6 16. b4 Bxe3 17. fxe3 Nbxc4 18. Rc1 Nd2+ 19. Kf2 c6 20. b5 Kd7 21. Rgd1 Ke6 22.
Bxe5 Kxe5 23. bxc6 bxc6 24. Rxc6 Re6 25. Rc7 Rf6 26. Rc2 Ne4+ 27. Ke1 Rxd1+ 28. Bxd1 Nd6 29.
Rc5+ Ke6 30. Bb3+ Kd7 31. Ra5 Nc8 32. Rd5+ Kc7 33. Ba4 Rxf3 34. Ke2 Rf6 35. e4 Nb6 36. Rc5+ Kb7 37. Bb3 Rf4 38. Ke3 Rf1 39. a4 f5 40. e5 Re1+ 41. Kf4 Re4+ 42. Kg5 Nd7 43. Bd5+ Kb8 44. Rb5+ Kc8 45. Bxe4 fxe4 46. e6 Nb6 47.
Kf4 Kc7 48. a5 Nc8 49. Rc5+ Kd8 50. Kxe4 Ne7 51. Ke5 h5 52. Kf6 1-0

[Event "Early-Titled-Tuesday-Blitz-March-19-2024"]
[Site "Chess.com"]
[Date "2024.03.19"]
[Round "3"]
[White "GMKrikor"]
[Black "santosalberto1987"]
[Result "0-1"]
[WhiteElo "2888"]
[BlackElo "2568"]
[TimeControl "180+1"]
[EndTime "8:29:42 PDT"]
[Termination "santosalberto1987 won on time"]

1. Nf3 d5 2. c4 c6 3. d4 Nf6 4.
Nc3 dxc4 5. e4 b5 6. Qc2 e6 7.
Be2 Be7 8. O-O Bb7 9. Rb1 Nbd7 10. b3 cxb3 11. Rxb3 a6 12. e5 Nd5 13. Nxd5 cxd5 14.
Qd2 O-O 15. Bd3 f5 16. exf6 Nxf6 17. Ng5 Ne4 18. Bxe4 Bxg5 19. Bxh7+ Kxh7 20. Qxg5 Qxg5 21. Bxg5 Rac8 22. Re3 Rc4 23. Rd1 Bc8 24. a3 Rc2 25. Bh4 Bd7 26. Bg3 Rfc8 27. h4 R8c3 28. Rde1 a5 29.
Bd6 Rxe3 30. Rxe3 Rc4 31. Be5 b4 32. axb4 axb4 33. Rg3 g6 34. h5 Be8 35. Rf3 gxh5 36. Rf8 Ba4 37. Rf7+ Kg8 38. Rg7+ Kf8 39. Ra7 Bc2 40.
Bd6+ Kg8 41. Rb7 b3 42. Be5 Ra4 43. Kh2 Ra2 44. Rb8+ Kf7 45. Rb7+ Ke8 46. Rb8+ Kd7 47. Rb7+ Kc6 48. Rc7+ Kb6 49. Rc8 b2 50. Rxc2 b1=Q 51.
Rc5 Qb2 52. Bg3 Qxd4 53. Rc8 Rxf2 54. Rb8+ Ka7 0-1

[Event "Early-Titled-Tuesday-Blitz-March-19-2024"]
[Site "Chess.com"]
[Date "2024.03.19"]
[Round "3"]
[White "DmitriiZakurdaev"]
[Black "igorknyazev"]
[Result "1-0"]
[WhiteElo "2432"]
[BlackElo "2213"]
[TimeControl "180+1"]
[EndTime "8:29:43 PDT"]
[Termination "DmitriiZakurdaev won on time"]

1. d4 Nf6 2. c4 c5 3. d5 b5 4. cxb5 a6 5. bxa6 Bxa6 6. Nc3 g6 7. e4 d6 8. Be2 Bxe2 9. Qxe2 Bg7 10. Nf3 O-O 11. O-O Qa5 12. Re1 Ng4 13. Bd2 Nd7 14. Nb5 Qa6 15. Bc3 Nge5 16. a4 Rab8 17. Nxe5 Bxe5 18.
Bxe5 Nxe5 19. f4 Nd7 20. e5 dxe5 21. fxe5 Nb6 22. d6 exd6 23. Nxd6 Qxe2 24. Rxe2 Rfd8 25.
a5 Nd7 26. a6 Nxe5 27. a7 Ra8 28. Rxe5 Rxd6 29. Rxc5 Rb6 30. Ra2 Kg7 31. Rca5 h5 32.
Kf2 f5 33. Ra6 Rb3 34. Ke2 h4 35. Kd2 h3 36. g3 Kh6 37. Kc2 Rf3 38. b4 f4 39.
gxf4 Rxf4 40. b5 Rb4 41. b6 Kh5 42. R2a5+ g5 43. Kc3 Rb1 44. Ra1 Rb5 45. Kc4 Rb2 46. R1a2 Rb1 47. Kc5 g4 48. Kc6 Rf1 49. b7 Rf6+ 50. Kd5 Re8 51. b8=Q Rf5+ 52. Kd4 Rxb8 53. axb8=Q g3 54. Qxg3 Rg5 55. Qxg5+ 1-0

[Event "Early-Titled-Tuesday-Blitz-March-19-2024"]
[Site "Chess.com"]
[Date "2024.03.19"]
[Round "3"]
[White "HamedWafa4"]
[Black "Polish_fighter3000"]
[Result "0-1"]
[WhiteElo "2827"]
[BlackElo "3160"]
[TimeControl "180+1"]
[EndTime "8:29:46 PDT"]
[Termination "Polish_fighter3000 won by resignation"]

1. e4 c5 2. Nf3 Nc6 3. Bb5 g6 4. Bxc6 dxc6 5. O-O Bg7 6. d3 e5 7. Be3 b6 8. a4 a5 9. Na3 Qc7 10. Nc4 Be6 11. b3 f6 12. Nfd2 Nh6 13. h3 g5 14.
Re1 Nf7 15. Nf1 h5 16. Ng3 h4 17. Nf5 Bf8 18. Qe2 O-O-O 19. Bd2 Kb7 20. Nfe3 Nh6 21. Reb1 Rg8 22. f3 Nf7 23. c3 Qd7 24. b4 cxb4 25.
cxb4 Qxd3 26. Qxd3 Rxd3 27. bxa5 Bc5 28. Kf1 Bxe3 29.
Nxe3 Rxd2 30. Rxb6+ Kc7 31. Rc1 Rd6 32. Nc2 Ra8 33.
Nb4 Rxa5 34. Rbxc6+ Kd7 35. Rc7+ Ke8 36. Ra1 Nd8 37.
Ke2 Rd7 38. Rc3 Rd4 39. Nd3 Raxa4 40. Rxa4 Rxa4 41. Nc5 Ra2+ 42. Kf1 Ke7 43. Nd3 Rd2 44. Nb4 Kf7 45. Rc7+ Kg6 46. Nc2 Rd7 47. Rc3 Rd6 48. Ne3 Nc6 49. Ra3 Nd4 50. g4 hxg3 51. Kg2 Ne2 52. Ra2 Nf4+ 53. Kxg3 Bxh3 54. Ra8 Be6 55. Nf5 Bxf5 56. exf5+ Kxf5 57. Rf8 Rd2 0-1

[Event "Early-Titled-Tuesday-Blitz-March-19-2024"]
[Site "Chess.com"]
[Date "2024.03.19"]
[Round "3"]
[White "FormerProdigy"]
[Black "Gennady_Kozlov"]
[Result "0-1"]
[WhiteElo "2946"]
[BlackElo "2677"]
[TimeControl "180+1"]
[EndTime "8:29:48 PDT"]
[Termination "Gennady_Kozlov won by resignation"]

1. e4 e6 2. d4 d5 3. Nc3 Nf6 4. e5 Nfd7 5. f4 c5 6. Nf3 Nc6 7. Be3 Qb6 8. a3 cxd4 9. Nxd4 Bc5 10. Na4 Qa5+ 11. c3 Bxd4 12. Bxd4 Nxd4 13. Qxd4 O-O 14.
Bd3 b6 15. Bc2 Ba6 16. Kf2 f6 17. exf6 Rxf6 18. Rhd1 Rxf4+ 19. Qxf4 Rf8 20. Qxf8+ Kxf8 21. b4 Qb5 22. Kg1 Qc6 23. Rac1 Bb5 24. Nb2 Qxc3 25. Bd3 Qxb2 26. Bxb5 Nf6 27. Rc7 Qxa3 28. h3 Qxb4 29. Ba6 Qa4 30. Be2 a5 31. Rdc1 Qd4+ 32. Kh1 Ne4 33. Rf1+ Nf6 34. Bg4 Qd3 35. Rf3 Qd1+ 36.
Kh2 Qe1 37. Rb7 Ke8 38. Rxg7 a4 39. Ra7 b5 40. Ra6 Nxg4+ 41. hxg4 Ke7 42. Rh3 Qe5+ 43. Kg1 Qd4+ 44. Kf1 Qf4+ 45. Kg1 Qd4+ 46. Kf1 Qe4 47. Rxh7+ Kf6 48. Rh6+ Kg5 49. Rhxe6 Qd3+ 50. Kf2 a3 51. Re5+ Kf4 52. Rf5+ Kxg4 53. Rf3 Qd2+ 54. Kg1 a2 55.
Kh2 Qe2 56. Rg6+ Kh5 57. Ra6 Qe5+ 58. Kh3 a1=Q 59. g4+ Kg5 60. Rxa1 Qxa1 61. Rf5+ Kg6 62. Kg3 Qg1+ 63. Kf4 Qf1+ 64. Ke5 Qd3 65. Rf4 Qe3+ 0-1

[Event "Early-Titled-Tuesday-Blitz-March-19-2024"]
[Site "Chess.com"]
[Date "2024.03.19"]
[Round "3"]
[White "TV27"]
[Black "JonasEilenberg"]
[Result "0-1"]
[WhiteElo "2254"]
[BlackElo "2583"]
[TimeControl "180+1"]
[EndTime "8:29:48 PDT"]
[Termination "JonasEilenberg won by checkmate"]

1. f4 d5 2. e3 g6 3. Nf3 Bg7 4. Be2 Nf6 5. O-O O-O 6. d3 c5 7.
Qe1 Nc6 8. Bd2 Re8 9. Ne5 Qc7 10. Nxc6 Qxc6 11. Bf3 e5 12. fxe5 Rxe5 13. Nc3 Qe8 14.
Qf2 Bg4 15. Rae1 Bxf3 16. gxf3 Rd8 17. e4 dxe4 18. fxe4 Rh5 19. Qg2 Qe6 20. Rf3 Ng4 21.
h3 Bd4+ 22. Kf1 Ne5 23. Rg3 c4 24. Nd5 cxd3 25. cxd3 Nc6 26. Bg5 Rd7 27. Rf3 Rxd5 28. exd5 Qxd5 29. Bf6 Rf5 30. Bxd4 Qxf3+ 31. Qxf3 Rxf3+ 32. Ke2 Nxd4+ 33. Kd2 Ne6 34. Kc3 Rxh3 35. Kc4 Rh4+ 36.
d4 Rxd4+ 37. Kb5 Rd2 38. Rc1 Rxb2+ 39. Kc4 Rxa2 40. Kd5 Ra5+ 41. Kd6 Rc5 42. Rd1 h5 43. Ke7 h4 44. Kf6 Rf5+ 45. Ke7 h3 46. Rh1 Rh5 47. Rd1 h2 48. Rh1 Nd4 49. Kf6 Nf5 50. Rd1 h1=Q 51. Rd8+ Kh7 52. Rh8+ Kxh8 53. Kxf7 Qd5+ 54. Kf6 Qd6+ 55.
Kf7 Nh6+ 56. Ke8 Re5# 0-1

[Event "Early-Titled-Tuesday-Blitz-March-19-2024"]
[Site "Chess.com"]
[Date "2024.03.19"]
[Round "3"]
[White "musclemonster12"]
[Black "FaustinoOro"]
[Result "1-0"]
[WhiteElo "2574"]
[BlackElo "2890"]
[TimeControl "180+1"]
[EndTime "8:29:51 PDT"]
[Termination "musclemonster12 won by resignation"]

1. e4 e5 2. Nf3 Nc6 3. Nc3 Nf6 4. d4 exd4 5. Nxd4 Bb4 6. Nxc6 bxc6 7. Bd3 O-O 8. O-O d5 9. Bd2 Rb8 10. a3 Bd6 11. Rb1 Re8 12. exd5 cxd5 13. h3 c6 14. Qf3 h6 15. Bf4 Be6 16. Rfe1 Bxf4 17. Qxf4 Qa5 18.
Bf5 d4 19. Bxe6 dxc3 20. Bb3 cxb2 21. Red1 Qxa3 22. Qc4 Re7 23. Qxc6 a5 24. Qc3 Kh8 25. Qc6 Qb4 26. Kh2 Rb6 27. Qc8+ Kh7 28. Qf5+ g6 29. Qf3 a4 30. Ba2 a3 31. Rd8 Kg7 32. Qa8 Rd6 33.
Rc8 Qf4+ 34. Kg1 Rd2 35. Rf1 Rde2 36. Rh8 Re8 37. Rxe8 Rxe8 38. Qxa3 Rb8 39. Qa7 Ne4 40. Bxf7 b1=Q 41. Bb3+ Kf6 42. Rxb1 Nd2 43. Qa6+ Kg5 44. Re1 Rb4 45. h4+ Kxh4 46. Qxg6 Qg5 47. g3+ Kg4 48.
Be6+ Kf3 49. Re3+ Qxe3 50. fxe3 Rb1+ 51. Kh2 Nf1+ 52. Kh3 Nxe3 53. Qf6+ Ke2 54. Bg4+ Ke1 55. Bf3 Kd2 56. Qd4+ Kxc2 57. Qxe3 1-0

[Event "Early-Titled-Tuesday-Blitz-March-19-2024"]
[Site "Chess.com"]
[Date "2024.03.19"]
[Round "3"]
[White "Preobrazhenska_D2011"]
[Black "Kotlyar_K"]
[Result "1-0"]
[WhiteElo "2470"]
[BlackElo "2646"]
[TimeControl "180+1"]
[EndTime "8:29:51 PDT"]
[Termination "Preobrazhenska_D2011 won on time"]

1. e4 e5 2. Nf3 Nc6 3. Bb5 a6 4. Ba4 Nf6 5. O-O Be7 6. Re1 b5 7. Bb3 O-O 8. h3 d6 9. c3 Nb8 10. d4 Nbd7 11. Bc2 Bb7 12. Nbd2 c5 13. d5 c4 14. b3 cxb3 15. axb3 Rc8 16. c4 Re8 17.
Bb2 Nb6 18. Qe2 g6 19. Bd3 b4 20. c5 Rxc5 21. Bxa6 Bxa6 22. Rxa6 Rc2 23. Rb1 Nfd7 24. Qd1 Rc8 25. Ra7 Nc5 26. Qe2 Ra8 27. Rba1 Rxa7 28. Rxa7 Qb8 29. Ra1 Nbd7 30. Qe3 Qb7 31. Nc4 Ra8 32.
Na5 Qb5 33. Nc6 Rxa1+ 34. Bxa1 Bf6 35. Nd2 Qa6 36. Qe1 Qa2 37. Qd1 Bg5 38. Nc4 Qxb3 39. Qxb3 Nxb3 40. Bb2 Nbc5 41. Nxd6 b3 42. Kf1 Nd3 43.
Nc4 Nxb2 44. Nxb2 Bc1 45. Nd3 b2 46. Nxb2 Bxb2 47. Ke2 f5 48. f3 fxe4 49. fxe4 1-0

[Event "Early-Titled-Tuesday-Blitz-March-19-2024"]
[Site "Chess.com"]
[Date "2024.03.19"]
[Round "3"]
[White "tptagain"]
[Black "ahkashefi2800"]
[Result "1-0"]
[WhiteElo "2948"]
[BlackElo "2565"]
[TimeControl "180+1"]
[EndTime "8:29:53 PDT"]
[Termination "tptagain won by checkmate"]

1. Nf3 d5 2. e3 Nf6 3. c4 c6 4.
Nc3 Bg4 5. h3 Bxf3 6. Qxf3 e6 7.
d4 Nbd7 8. cxd5 exd5 9. Bd3 Bd6 10. g4 O-O 11. g5 Ne8 12. h4 Nc7 13. Bd2 a6 14.
O-O-O Nb5 15. Qf5 g6 16. Qh3 Re8 17. h5 Nf8 18. hxg6 fxg6 19. f4 Qd7 20. f5 Nxc3 21.
Bxc3 Re7 22. Kb1 Rae8 23. e4 Rxe4 24. Bxe4 Rxe4 25. Rdf1 gxf5 26. Rxf5 Ng6 27. Rhf1 Qe6 28. R5f3 Qxh3 29. Rxh3 Bf4 30. Rh5 Bd6 31. a3 Be7 32. Kc2 Rg4 33. Re1 Bxg5 34. Re8+ Kg7 35. Rb8 h6 36.
Rxb7+ Kf6 37. Rc7 Rg2+ 38. Kb3 Nf4 39. Rxc6+ Kf5 40. Rh1 h5 41. Rxa6 h4 42. a4 h3 43.
a5 h2 44. Ra8 Bh4 45. Rh8 Bg3 46. a6 Ne6 47. a7 Nc7 48. Ba5 Na8 49. Rxa8 Rg1 50.
Rf8+ Ke4 51. Rxh2 Bxh2 52. a8=Q Rg3+ 53. Bc3 Kd3 54. Qa6+ Ke3 55. Qf1 Bg1 56. Re8# 1-0

[Event "Early-Titled-Tuesday-Blitz-March-19-2024"]
[Site "Chess.com"]
[Date "2024.03.19"]
[Round "3"]
[White "RamonManon0g"]
[Black "esteban062000"]
[Result "0-1"]
[WhiteElo "2382"]
[BlackElo "2172"]
[TimeControl "180+1"]
[EndTime "8:29:53 PDT"]
[Termination "esteban062000 won on time"]

1. e4 c5 2. Nf3 Nc6 3. Bb5 g6 4. c3 Bg7 5. O-O a6 6. Bxc6 bxc6 7. Qe2 Nf6 8. d4 cxd4 9. cxd4 O-O 10. Nc3 a5 11.
Rd1 Ba6 12. Qc2 Qc7 13. Bg5 Rfc8 14. Rac1 Rab8 15. Bxf6 Bxf6 16. Nd5 Qb7 17. Nxf6+ exf6 18. b3 d5 19. e5 f5 20. Qd2 Qb4 21. Qh6 Qf8 22.
Qd2 Qb4 23. Qg5 Be2 24. Re1 Bxf3 25. gxf3 Qxd4 26. e6 f6 27. Qh6 Rc7 28. Rcd1 Qb2 29. Rd2 Qc3 30. e7 Re8 31. Rde2 Qb4 32. Re6 Rcxe7 33.
Rxe7 Rxe7 34. Rc1 Re1+ 35. Kg2 Rxc1 36. Qxc1 c5 37. Qe3 Qd4 38. Qe8+ Kg7 39. Qe7+ Kg8 40. Qe8+ Kg7 41. Qe7+ Kh6 42. Qf8+ Kg5 43. Qd6 Qe5 44. Qxc5 d4 45. Qc1+ f4 46. Kh3 h5 47. Qg1+ Kh6 48.
Qc1 Qf5+ 49. Kg2 Qg5+ 50. Kh1 Qe5 51. Kg2 d3 52. Qd2 Qg5+ 53. Kf1 Qf5 54. Kg2 Qg5+ 55. Kf1 Qf5 56. Kg2 g5 57. h3 h4 58. Kh2 Qe5 59.
Qxd3 Qb2 60. Kg2 Qxa2 61. Qf5 Qa1 62. Qb5 Qe5 0-1

[Event "Early-Titled-Tuesday-Blitz-March-19-2024"]
[Site "Chess.com"]
[Date "2024.03.19"]
[Round "3"]
[White "Szparu"]
[Black "GM_dmitrij"]
[Result "0-1"]
[WhiteElo "2804"]
[BlackElo "3078"]
[TimeControl "180+1"]
[EndTime "8:29:55 PDT"]
[Termination "GM_dmitrij won on time"]

1. e4 c6 2. d4 d5 3. exd5 cxd5 4. c4 Nf6 5. Nc3 Nc6 6. Bg5 e6 7. Nf3 Be7 8. Bd3 dxc4 9. Bxc4 O-O 10. O-O b6 11. a3 Bb7 12. Qd3 h6 13. Be3 Rc8 14. Rad1 Qc7 15. Ba2 Rfd8 16. Rfe1 Bf8 17. h3 Ne7 18. Ne5 Ned5 19. Bd2 Nxc3 20. bxc3 Bd5 21. Bb1 Qb7 22. Ng4 Be7 23. Qg3 Nxg4 24. hxg4 Bg5 25. f4 Be7 26. g5 hxg5 27. fxg5 g6 28. Rf1 Bf8 29. Bf4 Bg7 30. Be5 Bxe5 31. Qxe5 Qe7 32. Rf6 Qd6 33. Bxg6 Qxe5 34. Bxf7+ Kg7 35.
dxe5 Rxc3 36. Rdf1 Rg3 37. Rg6+ Kh7 38. Rh6+ Kg7 39.
Rh2 Rxg5 40. Bh5 Rf8 41. Rxf8 Kxf8 42. Be2 Rxe5 43. Kf2 Rf5+ 44. Ke3 Re5+ 45. Kd2 a5 46. g3 Rg5 47. Rf2+ Ke7 48. g4 Kd6 49. Rf8 Rg7 50.
Rb8 Kc5 51. Kc3 Rc7 52. g5 Rg7 53. Rc8+ Kd6 54. Rb8 Kc7 55. Ra8 Rxg5 56. Ra7+ Kd6 57.
Ra6 Rg3+ 58. Kd4 Kc6 59. Ke5 Re3+ 60. Kf6 Rxe2 0-1

[Event "Early-Titled-Tuesday-Blitz-March-19-2024"]
[Site "Chess.com"]
[Date "2024.03.19"]
[Round "3"]
[White "Yeritsyaan"]
[Black "Alen_Yeremyann"]
[Result "1-0"]
[WhiteElo "2652"]
[BlackElo "2813"]
[TimeControl "180+1"]
[EndTime "8:29:56 PDT"]
[Termination "Yeritsyaan won by resignation"]

1. c4 c5 2. b3 Nf6 3. Bb2 g6 4. e3 Bg7 5. Nf3 O-O 6. Be2 d5 7. cxd5 Qxd5 8. O-O Nc6 9. d3 Rd8 10. a3 b6 11. Nbd2 Bb7 12. Rc1 e5 13. Qc2 h6 14.
Rfe1 Rac8 15. Qb1 Nh7 16. Qa1 Re8 17. Bf1 Na5 18. b4 cxb4 19. axb4 Nb3 20. Nxb3 Qxb3 21.
Rxc8 Rxc8 22. Bxe5 Bxe5 23. Nxe5 Qxb4 24. Rb1 Qd6 25. Ng4 Qf8 26. Qxa7 Bd5 27. Qxb6 Be6 28. Ne5 Qe7 29. d4 Ng5 30. Bd3 Kg7 31. h4 Nh7 32. g3 Nf6 33. Qb4 Qd8 34. Qb2 Nd5 35. Rc1 Rb8 36. Qd2 Qd6 37. Be4 Nf6 38. Bf3 Rb6 39.
Nc4 Bxc4 40. Rxc4 Qe6 41. Rc1 Qf5 42. Kg2 g5 43. hxg5 hxg5 44. Qc2 Qe6 45. Qc5 g4 46. Qg5+ Kf8 47. Ba8 Rb2 48. Rc7 Qa2 49. Rc8+ Ke7 50.
Qe5+ Qe6 51. Rc7+ Nd7 52. Qxe6+ Kxe6 53. Be4 Nf6 54. Bc6 Kd6 55. Rxf7 Ng8 56. Ba8 Ne7 57. Rf4 Ra2 58. Be4 Ke6 59. Rxg4 Kf6 60. Bf3 Ke6 61. Rf4 Nf5 62. Bg4 Kd6 63. Rxf5 Kc7 64.
Rf4 1-0

[Event "Early-Titled-Tuesday-Blitz-March-19-2024"]
[Site "Chess.com"]
[Date "2024.03.19"]
[Round "3"]
[White "IMRosen"]
[Black "Tol_Tol"]
[Result "1-0"]
[WhiteElo "2662"]
[BlackElo "2442"]
[TimeControl "180+1"]
[EndTime "8:29:56 PDT"]
[Termination "IMRosen won on time"]

1. d4 Nf6 2. Bf4 g6 3. Nc3 Bg7 4. e4 d6 5. Qd2 h6 6. h3 g5 7.
Bh2 Nbd7 8. e5 Nh7 9. O-O-O O-O 10. f4 c5 11. Nf3 cxd4 12. Qxd4 dxe5 13. fxe5 Qa5 14.
Bd3 Nc5 15. Bc4 Be6 16. Bxe6 Nxe6 17. Qd5 Qb6 18. Qb3 Rfc8 19. Nd5 Qxb3 20. axb3 Kf8 21.
Rhf1 Ke8 22. Nd2 Nc5 23. Kb1 e6 24. Nc3 Rc6 25. Nc4 Bf8 26. Nb5 a6 27. Nbd6+ Bxd6 28. Nxd6+ Rxd6 29. Rxd6 Nf8 30. Rfd1 Ne4 31. R6d4 Nc5 32.
b4 Ncd7 33. b3 Rc8 34. Kb2 b5 35. c4 Nb8 36. Kc3 Nc6 37. Re4 Nd7 38. Rd6 Ke7 39. c5 a5 40. h4 axb4+ 41. Kb2 gxh4 42. Rxh4 Ncxe5 43. Bxe5 Nxe5 44. Rxb4 Rxc5 45. Rd2 h5 46. Rh4 b4 47. Rxb4 Ng4 48. Rb7+ Kf6 49. Rb6 Kg6 50. Re2 Rf5 51. b4 Ne5 52. Rb8 Nd3+ 53. Kc3 Nf4 54. Rd2 Rg5 55. Rg8+ Kf6 56. Rxg5 Kxg5 57. b5 h4 58. b6 Nd5+ 59. Rxd5+ exd5 60. b7 1-0

[Event "Early-Titled-Tuesday-Blitz-March-19-2024"]
[Site "Chess.com"]
[Date "2024.03.19"]
[Round "3"]
[White "Vse_po_kaify"]
[Black "cristiano78"]
[Result "1-0"]
[WhiteElo "2442"]
[BlackElo "2230"]
[TimeControl "180+1"]
[EndTime "8:29:56 PDT"]
[Termination "Vse_po_kaify won by resignation"]

1. e4 c5 2. Nf3 d6 3. d4 cxd4 4. Nxd4 Nf6 5. Nc3 g6 6. Be3 Bg7 7. f3 O-O 8. Bc4 Nc6 9. Bb3 Bd7 10. Qd2 Rc8 11. h4 h5 12. O-O-O Ne5 13. g4 Qa5 14. Rdg1 Nc4 15. Bxc4 Rxc4 16. gxh5 Nxh5 17. Nb3 Bxc3 18. Nxa5 Bxd2+ 19. Bxd2 Ra4 20. a3 b6 21. Nb3 Rc8 22. Rg5 Be6 23. Kd1 Rac4 24. Bc3 Kh7 25. Nd4 Bd7 26.
Nf5 Bxf5 27. exf5 Rf4 28. fxg6+ fxg6 29. Rhg1 Rg8 30. Ke2 Rxh4 31. Ke3 e5 32. Rd1 Rf8 33. Rxd6 Rh3 34. Rdxg6 Rhxf3+ 35. Ke4 Rh3 36. Rc6 Nf6+ 37. Kxe5 Re3+ 38. Kd6 Ne4+ 39. Ke7 Nxg5+ 40. Kxf8 Ne6+ 41. Ke7 Nd4+ 42. Kd6 Nxc6 43. Kxc6 Re7 44. Bb4 Rf7 45. c4 Kg6 46. c5 bxc5 47. Bxc5 Kf5 48. Kb5 Ke4 49. Ka6 Kd5 50. Bxa7 Kc4 51. Bb8 Kb3 52.
Be5 Re7 53. Bc3 Rc7 54. Kb5 Rb7+ 55. Kc6 Rh7 56. Kd5 Ka4 57. Kc4 Rc7+ 58. Kd3 Kb3 59. Kd4 Rd7+ 60. Kc5 Rc7+ 61. Kb6 Rxc3 62. bxc3 Kxa3 63.
Kb5 Kb3 64. c4 Kc3 65. c5 Kd4 66. c6 1-0